 Dungeon Crawl Stone Soup version 0.21.1-1-g345015fe64 (webtiles) character file.

38647 Naru the Severer (level 14, -25/132 HPs)
             Began as a Hill Orc Fighter on June 12, 2018.
             Was a High Priest of Elyvilon.
             Annihilated by an enormous slime creature (75 damage)
             ... on level 15 of the Dungeon.
             The game lasted 00:59:51 (18672 turns).

Naru the Severer (Hill Orc Fighter)                Turns: 18672, Time: 00:59:52

Health: -25/132    AC: 20    Str: 23    XL:     14   Next: 3%
Magic:  19/19      EV:  6    Int: 12    God:    Elyvilon [*****.]
Gold:   466        SH: 19    Dex: 10    Spells: 13/13 levels left

rFire    + . .     SeeInvis .   p - +3 hand axe (elec)
rCold    + . .     Gourm    .   S - +0 large shield
rNeg     . . .     Faith    +   R - +0 chain mail {rC+}
rPois    .         Spirit   .   v - +2 helmet
rElec    .         Reflect  .   (no cloak)
rCorr    .         Harm     .   c - +0 pair of gloves {Str+3}
MR       ++...                  A - +2 pair of boots
Stlth    ..........             D - amulet of faith
HPRegen  0.32/turn              y - ring of protection from magic
MPRegen  0.16/turn              M - ring of protection from fire

@: no status effects
A: no striking features
a: Lesser Healing, Heal Other, Purification, Greater Healing, Divine Vigour,
Divine Protection, Renounce Religion


You were on level 15 of the Dungeon.
You worshipped Elyvilon.
Elyvilon was extremely pleased with you.
You were not hungry.

You visited 2 branches of the dungeon, and saw 16 of its levels.
You also visited: Bailey.

You collected 894 gold pieces.
You spent 428 gold pieces at shops.

Inventory:

Hand Weapons
 p - a +3 hand axe of electrocution (weapon)
 r - a +3 battleaxe
 B - a +1 hand axe of venom
 N - a +1 flail of holy wrath
 O - a +0 great mace
 Q - a +6 morningstar of venom
Missiles
 g - 3 throwing nets
 m - 36 poisoned needles
 n - 7 needles of paralysis
 o - 442 stones
 q - 19 tomahawks (quivered)
Armour
 c - a +0 pair of gloves of strength (worn)
 v - a +2 helmet (worn)
 A - a +2 pair of boots (worn)
 R - a +0 chain mail of cold resistance (worn)
 S - a +0 large shield (worn)
Jewellery
 w - an uncursed amulet of magic regeneration
 y - a ring of protection from magic (left hand)
 C - an uncursed ring of wizardry
 D - an amulet of faith (around neck)
 E - a cursed -2 ring of protection {unknown}
 G - an uncursed ring of ice
 K - an uncursed ring of see invisible {unknown}
 M - a ring of protection from fire (right hand)
Wands
 a - a wand of digging (17)
 d - a wand of paralysis (9)
 l - a wand of iceblast (11)
 F - a wand of flame (10)
 I - a wand of polymorph (25)
Scrolls
 b - 5 scrolls of teleportation
 e - a scroll of enchant armour
 h - 5 scrolls of amnesia
 x - a scroll of magic mapping
 z - a scroll of silence
 J - 3 scrolls of remove curse
 L - 5 scrolls of blinking
 P - a scroll of holy word {unknown}
Potions
 i - 3 potions of heal wounds
 j - 2 potions of brilliance
 k - 2 potions of ambrosia
 s - a potion of invisibility
 t - 2 potions of lignification {unknown}
 u - a potion of degeneration
 H - a potion of cancellation {unknown}
Comestibles
 f - 7 rations


   Skills:
 * Level 14.2 Fighting
 - Level 15.1 Axes
 + Level 0.1 Throwing
 + Level 10.4 Armour
 - Level 0.6 Dodging
 * Level 13.0 Shields
 - Level 0.9 Invocations
 * Level 7.9 Evocations


You had 13 spell levels left.
You didn't know any spells.

Dungeon Overview and Level Annotations

Branches:
Dungeon (15/15) Temple (1/1) D:5 Lair (0/6) D:8 Orc (0/2) D:10 Vaults (0/5) D:13 D:14 Depths: D:15

Altars:
Ashenzari
Cheibriados
Dithmenos
Elyvilon
Fedhas
Gozag
Kikubaaqudgha
Makhleb
Nemelex Xobeh
Okawaru
Ru
Sif Muna
Trog
Wu Jian
Xom
Yredelemnul
Beogh

Shops:
D:5 [   D:15 [[

Portals:
Trove: D:13 (give +8 demon whip)

Annotations:
D:4 1 runed door
D:15 exclusion: Roxanne, Roxanne


Message History

Lightning courses through the enormous slime creature!
The enormous slime creature is almost dead.
You slash the enormous slime creature!
The enormous slime creature is almost dead.
You block the enormous slime creature's attack.
You slash the enormous slime creature!
The enormous slime creature is almost dead.
The enormous slime creature hits you!!!!
Ouch! That really hurt!
* * * LOW HITPOINT WARNING * * *
You hit the enormous slime creature.
The enormous slime creature is almost dead.
You hit the enormous slime creature but do no damage.
The enormous slime creature is almost dead.
You block the enormous slime creature's attack.
Press: ? - help, Dir - move target cursor, f - you You feel much better.
The enormous slime creature hits you!!!!
Ouch! That really hurt!
You die...

#.# #.# #.# #.# # #######∩##.#
...........# #######.#### #†#
########.# #.# #.@J.....#
#######.# #.######## ......<.#
#.# ###### ######..# #.#
#..... ######..#######.#
#.#### ................####
#.# .....∩.[...........# #.#
##################.#########.#
#...........#


You could see an enormous slime creature.

Vanquished Creatures
  Kirke (D:13)
  Louise (D:14)
  A hydra (D:12)
  3 centaur warriors (D:14)
  5 two-headed ogres
  Urug (D:13)
  2 unseen horrors
  2 orc knights (D:10)
  A deep elf mage (D:14)
  3 cyclopes
  4 ugly things
  A faun (shapeshifter) (D:14)
  Joseph (D:6)
  3 manticores
  Psyche (D:11)
  4 kobold demonologists
  A gargoyle (D:10)
  A komodo dragon (D:11)
  A merfolk (D:13)
  A queen bee (D:10)
  A wolf spider simulacrum (D:13)
  4 hippogriffs
  2 trolls
  Grinder (D:4)
  2 slime creatures (D:12)
  Sigmund (D:6)
  3 water elementals
  2 wyverns
  A vampire (D:13)
  A wraith (D:13)
  3 hogs (D:13)
  16 humans (D:13)
  15 yaks
  Eustachio (D:3)
  3 hungry ghosts
  4 vampire mosquitoes
  Menkaure (D:6)
  Edmund (D:6)
  3 wargs (D:8)
  2 acid dragons
  3 water moccasins
  10 orc warriors
  2 black bears
  2 necrophages
  4 ogres
  6 ice beasts
  3 phantoms
  6 sky beasts
  14 centaurs
  A wolf (D:13)
  2 big kobolds
  10 bullfrogs
  3 wyvern zombies
  2 wyvern skeletons
  A hornet simulacrum (D:13)
  4 scorpions
  28 killer bees
  12 wights
  An electric eel (D:13)
  5 crimson imps
  A bullfrog zombie (D:11)
  2 centaur zombies
  A wyvern simulacrum (D:13)
  4 jellies
  A lava snake (D:8)
  4 bullfrog skeletons
  9 hounds
  10 orc priests
  5 centaur skeletons
  9 orc wizards
  8 iguanas
  11 worker ants
  A bullfrog simulacrum (D:13)
  A hound skeleton (D:9)
  A howler monkey zombie (D:10)
  A worker ant zombie (D:11)
  14 adders
  4 shadow imps
  13 white imps (D:13)
  2 ufetubi (D:13)
  An ooze (D:2)
  An adder zombie (D:8)
  An adder skeleton (D:7)
  2 worms
  4 dart slugs
  5 leopard geckos
  55 orcs
  7 giant cockroaches
  12 goblins
  9 hobgoblins
  7 jackals
  17 kobolds
  6 quokkas
  3 ball pythons
  6 bats
  6 frilled lizards
  A jackal zombie (D:6)
  A leopard gecko skeleton (D:6)
  11 rats
481 creatures vanquished.

Vanquished Creatures (others)
  4 humans (D:14)
  An ufetubus (D:13)
  A kobold (D:14)
  14 plants (D:10)
20 creatures vanquished.

Grand Total: 501 creatures vanquished

Notes
Turn   | Place    | Note
-------+----------+-------------------------------------------
     0 | D:1      | Naru the Hill Orc Fighter began the quest for the Orb.
     0 | D:1      | Reached XP level 1. HP: 19/19 MP: 1/1
    26 | D:1      | Reached XP level 2. HP: 19/27 MP: 2/2
   137 | D:1      | Reached skill level 3 in Axes
   498 | D:1      | Reached XP level 3. HP: 33/33 MP: 3/3
   725 | D:2      | Reached skill level 4 in Axes
   983 | D:2      | Reached XP level 4. HP: 37/40 MP: 4/4
  1598 | D:3      | Reached skill level 5 in Axes
  2001 | D:3      | Reached XP level 5. HP: 47/47 MP: 5/5
  2334 | D:4      | Noticed a phantom
  2339 | D:4      | Reached skill level 6 in Axes
  2510 | D:4      | Killed a phantom
  2510 | D:4      | Reached XP level 6. HP: 40/53 MP: 6/6
  2521 | D:4      | Noticed Eustachio
  2731 | D:3      | Killed Eustachio
  2731 | D:3      | Reached skill level 5 in Fighting
  2731 | D:3      | Reached skill level 7 in Axes
  2731 | D:3      | Reached XP level 7. HP: 25/61 MP: 7/7
  3110 | D:4      | Found a runed door.
  3250 | D:4      | Noticed Grinder
  3259 | D:4      | Paralysed by Grinder for 2 turns
  3267 | D:4      | Paralysed by Grinder for 4 turns
  3278 | D:4      | Paralysed by Grinder for 6 turns
  3295 | D:4      | Killed Grinder
  3295 | D:4      | Reached skill level 8 in Axes
  3889 | D:5      | Entered Level 5 of the Dungeon
  3893 | D:5      | Found Bitagem's Armour Boutique.
  3900 | D:5      | Bought a cursed +0 helmet for 18 gold pieces
  3900 | D:5      | Bought a +0 pair of boots for 54 gold pieces
  4026 | D:5      | Found a staircase to the Ecumenical Temple.
  4039 | Temple   | Entered the Ecumenical Temple
  4045 | Temple   | Became a worshipper of Elyvilon the Healer
  4090 | D:5      | Reached skill level 9 in Axes
  4090 | D:5      | Reached XP level 8. HP: 65/69 MP: 8/8
  4443 | D:5      | Reached * piety under Elyvilon
  4527 | D:5      | Reached skill level 5 in Shields
  4789 | D:6      | Reached skill level 10 in Axes
  4789 | D:6      | Reached skill level 5 in Armour
  4817 | D:6      | Noticed Edmund
  4826 | D:6      | Killed Edmund
  4931 | D:6      | Noticed Menkaure
  4940 | D:6      | Killed Menkaure
  4940 | D:6      | Reached skill level 11 in Axes
  4940 | D:6      | Reached XP level 9. HP: 60/78 MP: 9/9
  5422 | D:6      | Noticed Sigmund
  5423 | D:6      | Paralysed by Sigmund for 2 turns
  5432 | D:6      | Killed Sigmund
  5612 | D:7      | Reached ** piety under Elyvilon
  5779 | D:7      | Reached skill level 12 in Axes
  5779 | D:7      | Reached skill level 1 in Evocations
  5841 | D:7      | Noticed Joseph
  5903 | D:6      | Killed Joseph
  6532 | D:8      | Reached XP level 10. HP: 81/86 MP: 11/11
  6609 | D:8      | Reached skill level 13 in Axes
  6925 | D:8      | Noticed a two-headed ogre
  6929 | D:8      | Killed a two-headed ogre
  6971 | D:8      | Found a staircase to the Lair.
  7153 | D:8      | Reached *** piety under Elyvilon
  7875 | D:9      | Found a snail-covered altar of Cheibriados.
  7969 | D:9      | Reached skill level 14 in Axes
  8053 | D:9      | Reached XP level 11. HP: 19/97 MP: 12/14
  8769 | D:10     | Entered Level 10 of the Dungeon
  8848 | D:10     | Reached **** piety under Elyvilon
  8909 | D:10     | Found a flagged portal.
  8947 | D:10     | Reached skill level 10 in Fighting
  9084 | Bailey   | Entered a bailey
  9297 | D:10     | Noticed an orc knight
  9306 | D:10     | Killed an orc knight
  9324 | D:10     | Found a roughly hewn altar of Beogh.
  9324 | D:10     | Found a staircase to the Orcish Mines.
  9345 | D:10     | Reached skill level 5 in Evocations
  9531 | D:10     | Noticed an orc knight
  9543 | D:10     | Killed an orc knight
  9824 | D:10     | Found an opulent altar of Gozag.
  9927 | D:10     | Reached ***** piety under Elyvilon
 10072 | D:11     | Noticed a manticore
 10083 | D:11     | Killed a manticore
 10335 | D:11     | Noticed a white ugly thing
 10343 | D:11     | Noticed a brown ugly thing
 10349 | D:11     | Killed a white ugly thing
 10349 | D:11     | Reached skill level 15 in Axes
 10363 | D:11     | Noticed a two-headed ogre
 10369 | D:11     | Killed a two-headed ogre
 10369 | D:11     | Reached XP level 12. HP: 42/110 MP: 16/16
 11023 | D:11     | Found a shadowy altar of Dithmenos.
 11187 | D:11     | Noticed Psyche
 11199 | D:11     | Killed Psyche
 11825 | D:12     | Noticed a seven-headed hydra
 11842 | D:12     | Killed a 19-headed hydra
 11918 | D:12     | Reached skill level 10 in Shields
 12948 | D:13     | Found a portal to a secret trove of treasure.
 13188 | D:13     | Noticed a soul eater
 14076 | D:13     | Reached XP level 13. HP: 104/119 MP: 17/17
 14886 | D:14     | Found a gate to the Vaults.
 14886 | D:14     | Noticed Urug
 14886 | D:14     | Noticed Kirke
 15052 | D:13     | Killed Kirke
 15801 | D:13     | Killed Urug
 15816 | D:14     | Reached skill level 10 in Armour
 16102 | D:14     | Noticed Louise
 17578 | D:14     | Killed Louise
 18250 | D:14     | Reached XP level 14. HP: 109/132 MP: 19/19
 18524 | D:15     | Entered Level 15 of the Dungeon
 18524 | D:15     | Found Muamin's Antique Armour Boutique.
 18524 | D:15     | Found Paluhyu's Antique Armour Boutique.
 18539 | D:15     | Bought a pair of glowing gloves for 195 gold pieces
 18556 | D:15     | Bought a shimmering helmet for 161 gold pieces
 18567 | D:15     | Identified the cursed -6 helmet "Foqimehi" {Stlth+} (You bought it in a shop on level 15 of the Dungeon)
 18621 | D:15     | Noticed Roxanne
 18672 | D:15     | Annihilated by an enormous slime creature

Skill      XL: |  1  2  3  4  5  6  7  8  9 10 11 12 13 14 |
---------------+-------------------------------------------+-----
Fighting       | 4 5 6 7 9 11 12 14 | 14.2
Axes           | 3 4 5 6 7 9 11 12 14 15 | 15.1
Shields        | 4 5 6 7 9 11 12 13 | 13.0
Armour         | 4 5 6 7 8 9 10 | 10.4
Evocations     | 2 4 5 6 7 |  7.9
Throwing       | |  0.1
Dodging        | |  0.6
Invocations    | |  0.9

Action                   |  1- 3 |  4- 6 |  7- 9 | 10-12 | 13-15 || total
-------------------------+-------+-------+-------+-------+-------++-------
Melee: War axe           |   126 |   157 |    55 |       |       ||   338
       Hand axe          |       |       |   253 |   945 |   372 ||  1570
Throw: Tomahawk          |       |       |       |       |     2 ||     2
Invok: Lesser Healing    |       |       |       |     5 |       ||     5
       Purification      |       |       |       |     3 |     1 ||     4
       Greater Healing   |       |       |       |     3 |     2 ||     5
Evoke: Wand              |       |       |     4 |    32 |     6 ||    42
  Use: Scroll            |       |    11 |     5 |    11 |     3 ||    30
       Potion            |       |     1 |     5 |       |     2 ||     8
 Stab: Paralysed         |       |       |     4 |    38 |    11 ||    53
  Eat: Ration            |       |     2 |     4 |     9 |     4 ||    19
       Chunk             |       |     1 |       |     1 |       ||     2
Armor: Scale mail        |    69 |     4 |       |       |       ||    73
       Chain mail        |       |   106 |       |       |    30 ||   136
       Plate armour      |       |       |   125 |   313 |   216 ||   654
Dodge: Dodged            |    40 |    50 |    35 |   104 |    68 ||   297
Block: Shield            |    77 |    77 |   133 |   397 |   226 ||   910
       Large shield      |       |       |       |       |    35 ||    35
